3A
GRAND FORKS CATERPILLARS @ HARRISBURG HARRIERS
07/29/2020
 
TOP OF THE 1ST
Grand Forks Caterpillars batting - Pitching for Harrisburg Harriers : RHP Carlos Ramos
Pitching: RHP Carlos Ramos
Batting: RHB Rubén Marino 0-0: Ball
1-0: Swinging Strike
1-1: Fly out, F8 (Flyball, 8RM)
Batting: SHB Valentín Guzmán 0-0: Called Strike
0-1: DOUBLE (Line Drive, 5L)
Batting: LHB Mario Cruz 0-0: Called Strike
0-1: Called Strike
0-2: Ball
1-2: Strikes out swinging
Batting: LHB Alfonso Núñez 0-0: Foul Ball, location: 2F
0-1: Ball
1-1: Swinging Strike
1-2: Strikes out swinging
Top of the 1st over - 0 run(s), 1 hit(s), 0 error(s), 1 left on base; Grand Forks 0 - Harrisburg 0
BOTTOM OF THE 1ST
Harrisburg Harriers batting - Pitching for Grand Forks Caterpillars : LHP Jaime Carrión
Pitching: LHP Jaime Carrión
Batting: RHB Bartolo Morales 0-0: TRIPLE (Line Drive, 7LM)
Batting: LHB Eric Porter 0-0: Called Strike
0-1: Ball
1-1: Ball
2-1: Called Strike
2-2: Ball
3-2: Foul Ball, location: 2F
3-2: Strikes out swinging
Batting: RHB Keith MacKey 0-0: Called Strike
0-1: Foul Ball, location: 2F
0-2: Strikes out swinging
Batting: RHB Martín Álvarez 0-0: SINGLE (Groundball, 56D)
Bartolo Morales scores
Batting: RHB Patrizio Vanali 0-0: Ball
1-0: Ball
2-0: Ball
3-0: Called Strike
3-1: Base on Balls
Martín Álvarez to second
Batting: RHB Bartolo Benítez 0-0: Ball
1-0: DOUBLE (Line Drive, 5D)
Martín Álvarez scores
Patrizio Vanali to third
Batting: RHB Jim Scott 0-0: Ball
1-0: Ball
2-0: Called Strike
2-1: Ground out 4-3 (Groundball, 13)
Bottom of the 1st over - 2 run(s), 3 hit(s), 0 error(s), 2 left on base; Grand Forks 0 - Harrisburg 2
TOP OF THE 2ND
Grand Forks Caterpillars batting - Pitching for Harrisburg Harriers : RHP Carlos Ramos
Batting: RHB Ulbert Sutkamp 0-0: Ball
1-0: Called Strike
1-1: SINGLE (Line Drive, 9LS)
Batting: LHB Eduardo Álvarez 0-0: Foul Ball, location: 2F
0-1: Foul Ball, location: 2F
0-2: Ball
1-2: SINGLE (Line Drive, 8RS)
Ulbert Sutkamp to second
Batting: RHB Fokke Willemsen 0-0: Called Strike
0-1: Ball
1-1: Foul Ball, location: 2F
1-2: Foul Ball, location: 2F
1-2: Foul Ball, location: 2F
1-2: Ball
2-2: Ground out 4-3 (Groundball, 4M)
Ulbert Sutkamp to third
Eduardo Álvarez to second
Batting: LHB Gonzalo Álvarez 0-0: Swinging Strike
0-1: Ball
1-1: SINGLE (Flyball, 8RS)
Ulbert Sutkamp scores
Eduardo Álvarez to third
Batting: RHB Jean Chamissa 0-0: Called Strike
0-1: Ball
1-1: Called Strike
Gonzalo Álvarez steals 2nd base
1-2: DOUBLE (Groundball, 5L)
Eduardo Álvarez scores
Gonzalo Álvarez scores
Batting: RHB Rubén Marino 0-0: SINGLE (Groundball, 5S) (infield hit)
Jean Chamissa to third
Batting: SHB Valentín Guzmán 0-0: Ball
Rubén Marino is caught stealing 2nd base
1-0: Ball
2-0: SINGLE (Groundball, 4MD)
Jean Chamissa scores
Batting: LHB Mario Cruz 0-0: Ball
1-0: Called Strike
1-1: Called Strike
1-2: Foul Ball, location: 2F
1-2: Fly out, F7 (Flyball, 7LM)
Top of the 2nd over - 4 run(s), 6 hit(s), 0 error(s), 1 left on base; Grand Forks 4 - Harrisburg 2
BOTTOM OF THE 2ND
Harrisburg Harriers batting - Pitching for Grand Forks Caterpillars : LHP Jaime Carrión
Batting: RHB Mike Greene 0-0: Ground out 6-3 (Groundball, 6)
Batting: RHB Jim Unknown 0-0: Called Strike
0-1: Called Strike
0-2: Ball
1-2: Strikes out looking
Batting: RHB Bartolo Morales 0-0: Ball
1-0: Ball
2-0: Fly out, F7 (Line Drive, 7M)
Bottom of the 2nd over - 0 run(s), 0 hit(s), 0 error(s), 0 left on base; Grand Forks 4 - Harrisburg 2
TOP OF THE 3RD
Grand Forks Caterpillars batting - Pitching for Harrisburg Harriers : RHP Carlos Ramos
Batting: LHB Alfonso Núñez 0-0: Ball
1-0: Ball
2-0: Ball
3-0: Base on Balls
Batting: RHB Ulbert Sutkamp 0-0: Ball
1-0: Foul Ball, location: 2F
1-1: SINGLE (Groundball, 4MD)
Alfonso Núñez to second
Batting: LHB Eduardo Álvarez 0-0: Foul Ball, location: 2F
0-1: Reached on error, E6 (Groundball, 6M)
Alfonso Núñez to third
Ulbert Sutkamp to second
Pitching: LHP Rob Smith
Batting: RHB Fokke Willemsen 0-0: Ball
1-0: Ball
2-0: Fly out, F9 (Popup, 9S)
Batting: LHB Gonzalo Álvarez 0-0: Ball
1-0: Swinging Strike
1-1: Ball
2-1: Called Strike
2-2: Foul Ball, location: 2F
2-2: Strikes out looking
Batting: RHB Jean Chamissa 0-0: Ball
1-0: Called Strike
1-1: Ground out 3-1 (Groundball, 34S)
Top of the 3rd over - 0 run(s), 1 hit(s), 1 error(s), 3 left on base; Grand Forks 4 - Harrisburg 2
BOTTOM OF THE 3RD
Harrisburg Harriers batting - Pitching for Grand Forks Caterpillars : LHP Jaime Carrión
Batting: LHB Eric Porter 0-0: Ball
1-0: Ground out 6-3 (Groundball, 6)
Batting: RHB Keith MacKey 0-0: Called Strike
0-1: Ball
1-1: Foul Ball, location: 2F
1-2: Foul Ball, location: 2F
1-2: SINGLE (Groundball, 34D)
Batting: RHB Martín Álvarez 0-0: Foul Ball, location: 2F
0-1: Ball
1-1: Called Strike
1-2: Strikes out looking
Batting: RHB Patrizio Vanali 0-0: Ball
1-0: Ground out 6-3 (Groundball, 6)
Bottom of the 3rd over - 0 run(s), 1 hit(s), 0 error(s), 1 left on base; Grand Forks 4 - Harrisburg 2
TOP OF THE 4TH
Grand Forks Caterpillars batting - Pitching for Harrisburg Harriers : LHP Rob Smith
Batting: RHB Rubén Marino 0-0: Ground out 6-3 (Groundball, 6)
Batting: SHB Valentín Guzmán 0-0: Foul Ball, location: 2F
0-1: Swinging Strike
0-2: Ball
1-2: Ground out 5-3 (Groundball, 5S)
Batting: LHB Mario Cruz 0-0: Ball
1-0: Foul Ball, location: 2F
1-1: Swinging Strike
1-2: Ball
2-2: SINGLE (Line Drive, 3D)
Batting: LHB Alfonso Núñez 0-0: Foul Ball, location: 2F
0-1: Called Strike
0-2: Ball
1-2: Strikes out swinging
Top of the 4th over - 0 run(s), 1 hit(s), 0 error(s), 1 left on base; Grand Forks 4 - Harrisburg 2
BOTTOM OF THE 4TH
Harrisburg Harriers batting - Pitching for Grand Forks Caterpillars : LHP Jaime Carrión
Batting: RHB Bartolo Benítez 0-0: Fly out, F8 (Flyball, 8LM)
Batting: RHB Jim Scott 0-0: SINGLE (Groundball, 6)
Batting: RHB Mike Greene 0-0: Ball
1-0: Ball
2-0: Ball
3-0: Called Strike
3-1: Base on Balls
Jim Scott to second
Batting: RHB Jim Unknown 0-0: Ball
1-0: Grounds into double play, U6-3 (Groundball, 6M)
Bottom of the 4th over - 0 run(s), 1 hit(s), 0 error(s), 1 left on base; Grand Forks 4 - Harrisburg 2
TOP OF THE 5TH
Grand Forks Caterpillars batting - Pitching for Harrisburg Harriers : LHP Rob Smith
Batting: RHB Ulbert Sutkamp 0-0: Ball
1-0: Ball
2-0: Ground out 6-3 (Groundball, 6M)
Batting: LHB Eduardo Álvarez 0-0: Ball
1-0: Called Strike
1-1: Foul Ball, location: 2F
1-2: Hit by Pitch
Batting: RHB Fokke Willemsen 0-0: Ball
1-0: Ball
2-0: Called Strike
2-1: Foul Ball, location: 2F
2-2: Foul Ball, location: 2F
2-2: Strikes out swinging
Eduardo Álvarez steals 2nd base
Batter strikes out.
Batting: LHB Gonzalo Álvarez 0-0: Ball
1-0: Ball
2-0: Ball
3-0: Called Strike
3-1: Called Strike
3-2: Base on Balls
Batting: RHB Jean Chamissa 0-0: Called Strike
0-1: Swinging Strike
0-2: Ball
1-2: Ball
2-2: Strikes out swinging
Top of the 5th over - 0 run(s), 0 hit(s), 0 error(s), 2 left on base; Grand Forks 4 - Harrisburg 2
BOTTOM OF THE 5TH
Harrisburg Harriers batting - Pitching for Grand Forks Caterpillars : LHP Jaime Carrión
Batting: RHB Bartolo Morales 0-0: Ball
1-0: Ball
2-0: Ball
3-0: Called Strike
3-1: Called Strike
3-2: Ground out 1-3 (Groundball, 13)
Batting: LHB Eric Porter 0-0: Ball
1-0: Foul Ball, location: 2F
1-1: Called Strike
1-2: Ball
2-2: Ball
3-2: Strikes out swinging
Batting: RHB Keith MacKey 0-0: SOLO HOME RUN (Flyball, 78XD), Distance : 390 ft
Batting: RHB Martín Álvarez 0-0: Ball
1-0: Called Strike
1-1: Ball
2-1: Ball
3-1: Base on Balls
Batting: RHB Patrizio Vanali 0-0: Called Strike
Martín Álvarez is caught stealing 2nd base
Bottom of the 5th over - 1 run(s), 1 hit(s), 0 error(s), 0 left on base; Grand Forks 4 - Harrisburg 3
TOP OF THE 6TH
Grand Forks Caterpillars batting - Pitching for Harrisburg Harriers : LHP Rob Smith
Batting: RHB Rubén Marino 0-0: Ball
1-0: Ball
2-0: Foul Ball, location: 2F
2-1: Bunted foul
2-2: Strikes out swinging
Pitching: LHP Ted Wright
Batting: SHB Valentín Guzmán 0-0: Reached on error, E5 (Groundball, 5)
Batting: LHB Mario Cruz 0-0: Hit by Pitch
Valentín Guzmán to second
Batting: LHB Alfonso Núñez 0-0: Ball
1-0: Fielders Choice at 2nd, 4-6 (Groundball, 34)
Valentín Guzmán to third
Batting: RHB Ulbert Sutkamp 0-0: Ball
1-0: Foul Ball, location: 2F
1-1: Ball
2-1: Fly out, F9 (Flyball, 9M)
Top of the 6th over - 0 run(s), 0 hit(s), 1 error(s), 2 left on base; Grand Forks 4 - Harrisburg 3
BOTTOM OF THE 6TH
Harrisburg Harriers batting - Pitching for Grand Forks Caterpillars : LHP Jaime Carrión
Batting: RHB Patrizio Vanali 0-0: SINGLE (Groundball, 56D)
Batting: RHB Bartolo Benítez 0-0: Ball
1-0: Bunted foul
1-1: Bunt missed!
1-2: Fly out, F7 (Flyball, 7D)
Batting: RHB Jim Scott 0-0: Called Strike
0-1: Ball
1-1: Ball
2-1: Ball
3-1: Ground out 5-3 (Groundball, 5S)
Patrizio Vanali to second
Batting: RHB Mike Greene 0-0: Ball
1-0: Fly out, F9 (Flyball, 89M)
Bottom of the 6th over - 0 run(s), 1 hit(s), 0 error(s), 1 left on base; Grand Forks 4 - Harrisburg 3
TOP OF THE 7TH
Grand Forks Caterpillars batting - Pitching for Harrisburg Harriers : LHP Ted Wright
Batting: LHB Eduardo Álvarez 0-0: Called Strike
0-1: Fly out, F7 (Flyball, 78M)
Batting: RHB Fokke Willemsen 0-0: Fly out, F8 (Flyball, 8LM)
Batting: LHB Gonzalo Álvarez 0-0: Called Strike
0-1: Ground out 4-3 (Groundball, 34)
Top of the 7th over - 0 run(s), 0 hit(s), 0 error(s), 0 left on base; Grand Forks 4 - Harrisburg 3
BOTTOM OF THE 7TH
Harrisburg Harriers batting - Pitching for Grand Forks Caterpillars : LHP Jaime Carrión
Batting: RHB Jim Unknown 0-0: Called Strike
0-1: Swinging Strike
0-2: Ball
1-2: Foul Ball, location: 2F
1-2: Ball
2-2: Ball
3-2: SINGLE (Flyball, 9S)
Batting: RHB Bartolo Morales 0-0: Ball
1-0: Sac Bunt - play at second, runner safe!
Batting: LHB Eric Porter 0-0: Called Strike
0-1: Ball
1-1: Fielders Choice at 2nd, 1-6 (Groundball, 15)
Jim Unknown to third
Batting: RHB Keith MacKey 0-0: Grounds into double play, 6-4-3 (Groundball, 6)
Bottom of the 7th over - 0 run(s), 1 hit(s), 0 error(s), 1 left on base; Grand Forks 4 - Harrisburg 3
TOP OF THE 8TH
Grand Forks Caterpillars batting - Pitching for Harrisburg Harriers : LHP Ted Wright
Batting: RHB Jean Chamissa 0-0: Foul Ball, location: 2F
0-1: Ground out 5-3 (Groundball, 5S)
Batting: RHB Rubén Marino 0-0: Ball
1-0: Fly out, F9 (Flyball, 89M)
Batting: SHB Valentín Guzmán 0-0: Ball
1-0: Ball
2-0: SINGLE (Line Drive, 4M)
Batting: LHB Mario Cruz 0-0: Ball
Valentín Guzmán is caught stealing 2nd base
Top of the 8th over - 0 run(s), 1 hit(s), 0 error(s), 0 left on base; Grand Forks 4 - Harrisburg 3
BOTTOM OF THE 8TH
Harrisburg Harriers batting - Pitching for Grand Forks Caterpillars : LHP Jaime Carrión
Batting: RHB Martín Álvarez 0-0: Called Strike
0-1: Ball
1-1: Ball
2-1: Called Strike
2-2: Foul Ball, location: 2F
2-2: Foul Ball, location: 2F
2-2: Ball
3-2: Strikes out swinging
Pitching: RHP Ramiro Flores
Batting: RHB Patrizio Vanali 0-0: Called Strike
0-1: Ball
1-1: Ball
2-1: Swinging Strike
2-2: Strikes out swinging
Batting: RHB Bartolo Benítez 0-0: Called Strike
0-1: Ground out 5-3 (Groundball, 5)
Bottom of the 8th over - 0 run(s), 0 hit(s), 0 error(s), 0 left on base; Grand Forks 4 - Harrisburg 3
TOP OF THE 9TH
Grand Forks Caterpillars batting - Pitching for Harrisburg Harriers : LHP Ted Wright
Pitching: RHP Jim Unknown
Batting: LHB Mario Cruz 0-0: Called Strike
0-1: Called Strike
0-2: Ball
1-2: Ball
2-2: Foul Ball, location: 2F
2-2: Strikes out looking
Pitching: RHP Bernardo Valdés
Batting: LHB Alfonso Núñez 0-0: Ball
1-0: Called Strike
1-1: Ground out 4-3 (Groundball, 34)
Batting: RHB Ulbert Sutkamp 0-0: Foul Ball, location: 2F
0-1: Swinging Strike
0-2: Strikes out looking
Top of the 9th over - 0 run(s), 0 hit(s), 0 error(s), 0 left on base; Grand Forks 4 - Harrisburg 3
BOTTOM OF THE 9TH
Harrisburg Harriers batting - Pitching for Grand Forks Caterpillars : RHP Ramiro Flores
Pinch Hitting: RHB Jim Unknown 0-0: Ball
1-0: Called Strike
1-1: Swinging Strike
1-2: Strikes out swinging
Pinch Hitting: RHB Jim Unknown 0-0: Ball
1-0: Called Strike
1-1: Called Strike
1-2: Foul Ball, location: 2F
1-2: Ball
2-2: Ball
3-2: Base on Balls
Batting: RHB Jim Unknown 0-0: Ball
1-0: Called Strike
1-1: Ball
2-1: Ball
3-1: Ground out 2-3 (Groundball, 23)
Jim Unknown to second
Batting: RHB Bartolo Morales 0-0: Ball
1-0: Foul Ball, location: 2F
1-1: Ball
2-1: Ball
3-1: Fly out, F8 (Flyball, 8LM)
Bottom of the 9th over - 0 run(s), 0 hit(s), 0 error(s), 1 left on base; Grand Forks 4 - Harrisburg 3
This league is powered by Out of the Park Baseball, the baseball management simulation game for PC, Mac and Linux
Friday, October 23rd, 2015 - OOTP Baseball 16.9 Build 39